 Dungeon Crawl Stone Soup version 0.29.0-15-g675c0067aa (webtiles) character file.

Game seed: 17708356998043399657

173842 qw the Warrior (level 17, -21/170 HPs)
             Began as a Minotaur Berserker on Sept 12, 2022.
             Was an Elder of Trog.
             Demolished by a two-headed ogre
             ... wielding a +0 dire flail
             ... summoned by the player character
              (23 damage)
             ... on level 3 of the Swamp.
             The game lasted 00:12:12 (32084 turns).

qw the Warrior (Minotaur Berserker)                Turns: 32084, Time: 00:12:12

Health: -21/170    AC: 24    Str: 33    XL:     17   Next: 44%
Magic:  16/16      EV:  9    Int: 11    God:    Trog [****..]
Gold:   1856       SH: 21    Dex:  8    Spells: 16/16 levels left

rFire   + + +      SeeInvis .   y - +3 broad axe (drain)
rCold   + . .      Faith    .   g - +2 tower shield of the Demon Prince {rN+}
rNeg    + + .      Spirit   .   v - +1 plate armour of Uzak {rElec Will+ Slay+3}
rPois   +          Reflect  .   n - +2 hat
rElec   +          Harm     .   x - +2 cloak {Stlth+}
rCorr   .          Rampage  .   k - +3 pair of gauntlets of War {Slay+5}
Will    ++...      Rnd*Tele +   l - +2 pair of boots
Stlth   ..........              p - amulet of the acrobat
HPRegen 1.18/turn               j - ring of Pafy {Contam rF+++ rN+ Int+8}
MPRegen 0.15/turn               e - ring "Zejaow" {Contam rPois rC+ Int+2 Dex+2}

@: about to teleport, corroded, on berserk cooldown, slowed, unable to drink,
very slow
A: horns 2, retaliatory headbutt, clumsy 2, deformed body, dopey 1, regeneration
1, strong 1, teleportitis 1, inability to drink after injury 1, MP-powered wands
a: Renounce Religion, Berserk, Trog's Hand, Brothers in Arms


You were on level 3 of the Swamp.
You worshipped Trog.
Trog was greatly pleased with you.
You visited 5 branches of the dungeon, and saw 28 of its levels.
You also visited: Ossuary.

You collected 2987 gold pieces.
You spent 1131 gold pieces at shops.


Innate Abilities, Weirdness & Mutations

You have a pair of horns on your head.
You reflexively headbutt those who attack you in melee.
You are very clumsy. (Dex -4)
Armour fits poorly on your strangely shaped body.
You are dopey. (Int -2)
Your natural rate of healing is unusually fast.
Your muscles are strong. (Str +4, Int/Dex -1)
You are occasionally teleported next to monsters.
You occasionally lose the ability to drink potions when taking damage.
You expend magic power (3 MP) to strengthen your wands.


   Skills:
 - Level 20.0 Fighting
 - Level 18.0 Axes
 - Level 5.0 Throwing
 - Level 18.6 Armour
 - Level 7.1 Dodging
 + Level 18.4 Shields


You had 16 spell levels left.
You didn't know any spells.
Your spell library was empty.

Inventory:

Hand Weapons
 h - a +4 hand axe of flaming
 y - a +3 broad axe of draining (weapon)
Missiles
 o - 2 boomerangs (quivered)
Armour
 g - the +2 tower shield of the Demon Prince (worn) {rN+}
   (You acquired it on level 2 of the Swamp)

   rN:        It protects you from negative energy.
 k - the +3 pair of gauntlets of War (worn) {Slay+5}
   (You acquired it on level 6 of the Dungeon)

   Slay:      It affects your accuracy & damage with ranged weapons and melee
   (+5).
 l - a +2 pair of boots (worn)
 n - a +2 hat (worn)
 q - a +1 plate armour of fire resistance
 t - the +2 shield of Resistance {rF++ rC++ Will++}
   (You acquired it on level 9 of the Dungeon)

   rF:        It greatly protects you from fire.
   rC:        It greatly protects you from cold.
   Will:      It greatly increases your willpower.
 v - the +1 plate armour of Uzak (worn) {rElec Will+ Slay+3}
   (You found it on level 3 of the Lair of Beasts)

   Slay:      It affects your accuracy & damage with ranged weapons and melee
   (+3).
   rElec:     It insulates you from electricity.
   Will:      It increases your willpower.
 x - a +2 cloak of stealth (worn)
Jewellery
 e - the ring "Zejaow" (right hand) {Contam rPois rC+ Int+2 Dex+2}
   (You took it off a centaur on level 10 of the Dungeon)

   [ring of poison resistance]

   Int:       It affects your intelligence (+2).
   Dex:       It affects your dexterity (+2).
   rC:        It protects you from cold.
   rPois:     It protects you from poison.
   Contam:    It causes magical contamination when unequipped.
 i - a +6 ring of strength
 j - the ring of Pafy (left hand) {Contam rF+++ rN+ Int+8}
   (You found it on level 8 of the Dungeon)

   [ring of positive energy]

   Int:       It affects your intelligence (+8).
   rF:        It renders you almost immune to fire.
   rN:        It protects you from negative energy.
   Contam:    It causes magical contamination when unequipped.
 p - an amulet of the acrobat (around neck)
 s - an amulet of regeneration
 w - a ring of protection from fire
 Y - a +4 ring of evasion
Wands
 r - a wand of digging (16)
Scrolls
 a - 17 scrolls of identify
 d - 16 scrolls of teleportation
Potions
 b - 6 potions of heal wounds
 c - 17 potions of curing
 f - 8 potions of might
 m - 7 potions of haste
 u - 3 potions of cancellation

Dungeon Overview and Level Annotations

Branches:
Dungeon (15/15)            Temple (0/1) D:4            Lair (5/5) D:10
  Swamp (3/4) Lair:2       Spider (3/4) Lair:3        Slime (0/5) Lair:5
    Orc (2/2) D:11            Elf (0/3) Orc:2        Vaults (0/5) D:13
 Depths (0/4) D:15        Ossuary (visited)

Altars:
Cheibriados
Elyvilon
Hepliaklqana
Makhleb
Nemelex Xobeh
Qazlal
Sif Muna
Trog
Vehumet
Wu Jian
Yredelemnul
The Shining One
Jiyva
Lugonu

Shops:
D:7 :   D:9 :   D:12 [   Orc:2 ([([(

Portals:
Abyss: Lair:5

Annotations:
D:4 3 runed translucent doors, qw's ghost, amateur GrFi
D:12 3 runed translucent doors, Anyutwal's ghost, journeyman HOFi
Swamp:1 3 runed translucent doors, qw's ghost, adept MiBe
Orc:2 2 transporters, qw's ghost, journeyman MiBe


Message History

Your two-headed ogre hits the swamp drake with a +0 dire flail!!
The swamp drake dies!
Trog accepts your kill. You block the goliath frog's attack.
The goliath frog hits you but does no damage.
You block the spriggan rider's attack.
Your two-headed ogre is engulfed in noxious fumes.
Your two-headed ogre appears confused.
You slice the bunyip!!
You kill the bunyip!
Trog accepts your kill.
Your two-headed ogre is engulfed in noxious fumes.
Your two-headed ogre appears confused.
Your two-headed ogre rages.
You block the goliath frog's attack.
The spriggan rider hits you from afar with a +0 spear!
Your two-headed ogre is engulfed in noxious fumes.
The goliath frog hits you but does no damage.
You enter the shallow water.
Moving in this stuff is going to be slow.
You block the spriggan rider's attack.
The goliath frog hits you but does no damage.
The spriggan rider closely misses you.
You see here a swamp drake corpse.
You closely miss the spriggan rider. You block the goliath frog's attack.
Your two-headed ogre barely misses the spriggan rider.
Your two-headed ogre misses the spriggan rider.
The goliath frog hits you from afar. The acid corrodes you!
You are splashed with acid!
You block the spriggan rider's attack.
32084 ||| READING 17 scrolls of teleportation.
As you read the scroll of teleportation, it crumbles to dust.
You feel strangely unstable.
Your two-headed ogre hits the spriggan rider with a +0 dire flail!
Your two-headed ogre barely misses the spriggan rider.
The goliath frog hits you from afar.
You are splashed with acid!
The spriggan rider hits you with a +0 spear!
Your two-headed ogre hits you with a +0 dire flail!!
You feel threatened and lose the ability to drink potions!
You die...

7~.7.~~..77.~~~~~~~~~..7
7...~....77~~~~~~~~~~~.77
....~....~7~~~~~~~~~~~..77
~.7.~~~.)..~)~~~.~~~~~...7
~~~.~~~)%).~~.~.<.~~..~..7
~~..~~.7%~.~¤~........~.~~
~~....7~..F/7.7...7~...%77
~~~~~..~i)[77777777.~~...~
..~~~~~~O@.7.~7 7~7¤~~..~~
..~~~~....~~~.7777~.~...~~
~7..~.777.~~~.77....~77~..
7~... 7.~~~.7.~.....7.~~
7.~~..~~~....7.¤~7.~77~~.
.~~~77.....77~7777~77.~.
7. 7....7~~77777~~~....
~~~~~~~.77 7.~~~.7.¤
77.~~~~~.7 7.~~~...~


You could see a spriggan rider (ally target), a goliath frog and a friendly
two-headed ogre (summoned, berserk, confused).

Vanquished Creatures
  Gastronok (D:9)
  A thorn hunter (Swamp:3)
  Kirke (Spider:2)
  2 emperor scorpions (Spider:3)
  2 orc warlords (Orc:2)
  2 ghost moths
  A stone giant (D:15)
  3 broodmothers
  4 eleionomae
  7 bunyips
  Azrael (D:15)
  2 entropy weavers
  5 spark wasps
  A shambling mangrove (Swamp:3)
  Harold (D:9)
  4 hydras
  A boulder beetle (D:14)
  3 ogre magi
  3 ghost crabs
  2 jorogumos
  2 catoblepae
  4 centaur warriors
  10 alligators
  5 radroaches
  9 two-headed ogres
  3 tengu warriors (D:15)
  3 thrashing horrors (Lair:5)
  An orc high priest (Orc:1)
  A sun demon (D:14)
  6 death yaks
  Nergalle (D:10)
  7 pharaoh ants
  9 skeletal warriors
  2 sun moths
  A swamp dragon (Swamp:2)
  11 steelbarb worms
  A goliath frog (Swamp:2)
  2 orb spiders (Spider:3)
  2 spriggan druids (Swamp:3)
  2 bog bodies
  A death drake (Swamp:2)
  2 wizards
  A lindwurm (D:13)
  Pikel (D:9)
  A deep elf pyromancer (D:14)
  3 orc knights (Orc:2)
  19 ugly things
  A harpy (shapeshifter) (D:15)
  A will-o-the-wisp (Swamp:1)
  4 orc sorcerers
  8 wolf spiders
  7 manticores
  A moth of wrath (shapeshifter) (Lair:5)
  2 large abominations (Lair:5)
  5 cyclopes
  3 moths of wrath
  A guardian serpent (shapeshifter) (D:13)
  An orange demon (D:14)
  4 elephants (Lair:5)
  A black mamba (Lair:5)
  A gargoyle (D:11)
  3 smoke demons (Lair:5)
  9 komodo dragons
  6 demonic crawlers
  7 cane toads
  2 efreet
  A freezing wraith (D:13)
  A kobold demonologist (D:9)
  A rime drake (shapeshifter) (D:13)
  10 rime drakes
  2 ice devils (D:14)
  2 unseen horrors (D:12)
  A tengu conjurer (D:14)
  2 ancient zymes (Lair:5)
  A hellwing (D:14)
  A meliai (Lair:3)
  4 trolls
  3 slime creatures (D:14)
  15 tarantellas
  3 hornets
  2 polar bears
  2 tyrant leeches
  11 blink frogs
  Grinder (D:5)
  A blink frog (shapeshifter) (D:13)
  9 culicivoras
  23 jumping spiders
  A spriggan (shapeshifter) (D:14)
  5 spriggans
  A wraith (D:12)
  A water elemental (D:14)
  51 yaks
  2 shadows
  2 neqoxecs (D:14)
  2 ynoxinuls
  17 wyverns
  14 basilisks
  4 hogs (Spider:2)
  A fire elemental (D:15)
  9 vampire mosquitoes
  A chaos spawn (Lair:5)
  A hog (shapeshifter) (D:13)
  19 redbacks
  2 steam dragons
  12 small abominations (Lair:5)
  9 swamp worms
  5 wargs
  5 hell hounds
  Duvessa (D:5)
  36 orc warriors
  2 ice beasts (D:6)
  18 water moccasins
  A sky beast (D:7)
  2 black bears
  9 wolves
  13 ogres
  14 centaurs
  3 lemures (D:9)
  A phantom (D:2)
  5 kobold brigands
  13 bullfrogs
  4 necrophages
  2 scorpions
  3 gnoll sergeants
  Dowan (D:5)
  8 killer bees
  5 electric eels
  3 howler monkeys
  7 hounds
  A gnoll bouda (D:9)
  24 orc priests
  2 iguanas (D:5)
  20 orc wizards
  Natasha (thrice) (D:4)
  11 hell rats
  11 mummies (Ossuary)
  Robin (D:2)
  26 gnolls
  13 adders
  A shadow imp (D:7)
  A white imp (D:5)
  An ufetubus (D:6)
  2 worms
  118 orcs
  A ball python (D:1)
  4 bats
  4 endoplasms
  3 giant cockroaches
  21 goblins
  8 hobgoblins
  3 quokkas
  5 frilled lizards
  A gnoll skeleton (Ossuary)
  2 goblin skeletons (Ossuary)
  27 kobolds
  3 kobold skeletons (Ossuary)
  2 orc skeletons (Ossuary)
  4 rats
  11 rat skeletons (Ossuary)
  A bush (D:6)
970 creatures vanquished.

Vanquished Creatures (collateral kills)
  An eleionoma (Swamp:3)
  4 hydras
  2 orb spiders
  An orc knight (Orc:2)
  A rime drake (Lair:4)
  A hornet (Swamp:3)
  2 blink frogs
  A jumping spider (Spider:1)
  A culicivora (Spider:1)
  3 wyverns (Lair:4)
  A spriggan (Swamp:3)
  3 redbacks
  3 basilisks (Lair:4)
  A warg (Orc:2)
  5 orc warriors (Orc:2)
  A swamp drake (Swamp:3)
  An orc priest (Orc:2)
  3 hell rats (Lair:4)
  3 orcs (Orc:2)
38 creatures vanquished.

Vanquished Creatures (others)
  2 hydras
  An alligator (Swamp:2)
  A goliath frog (Swamp:2)
  A swamp dragon (Swamp:3)
  A torpor snail (Spider:1)
  A demonic crawler (Spider:2)
  A tyrant leech (Swamp:2)
  5 bloated husks
  2 humans (Spider:2)
  An orc wizard (Orc:2)
  5 demonic plants (D:14)
  40 fungi
  54 plants
115 creatures vanquished.

Grand Total: 1123 creatures vanquished

Notes
Turn   | Place    | Note
-------+----------+-------------------------------------------
     0 | D:1      | qw the Minotaur Berserker began the quest for the Orb.
     0 | D:1      | Reached XP level 1. HP: 19/19 MP: 0/0
     0 | D:1      | 0 ||| qw: Version: 0.1-a-119-g272c26d
     0 | D:1      | 0 ||| qw: Game counter: 10811
     0 | D:1      | 0 ||| qw: Always use a shield: true
     0 | D:1      | 0 ||| qw: Do Orc after D:15 true
     0 | D:1      | 0 ||| qw: Do second Lair branch before Depths: true
     0 | D:1      | 0 ||| qw: Lair rune preference: random
     0 | D:1      | 0 ||| qw: Plans: Normal
     0 | D:1      | 0 ||| PLANNING D:1-11
   135 | D:1      | 135 ||| Stepping ~*~*~tactically~*~*~ (stealth).
   149 | D:1      | 149 ||| INVOKING Berserk.
   168 | D:1      | Reached XP level 2. HP: 10/26 MP: 1/1
   185 | D:1      | 185 ||| Stepping ~*~*~tactically~*~*~ (stealth).
   198 | D:1      | 198 ||| Stepping ~*~*~tactically~*~*~ (stealth).
   209 | D:1      | 209 ||| INVOKING Berserk.
   708 | D:1      | Found a faded altar of an unknown god.
   763 | D:1      | 763 ||| UPGRADING to +0 leather armour.
   773 | D:1      | 773 ||| DROPPING +0 animal skin.
   774 | D:1      | 774 ||| READING 3 scrolls labelled READAJ PEWN.
   775 | D:1      | 775 ||| READING scroll labelled XUTEROI XERE.
   776 | D:1      | 776 ||| READING scroll labelled LUN QIANULASM.
   777 | D:1      | 777 ||| READING scroll labelled WIARIOBUDD.
   780 | D:1      | 780 ||| READING 2 scrolls of identify.
   780 | D:1      | 780 ||| IDENTIFYING viscous amethyst potion
   781 | D:1      | 781 ||| DROPPING potion of attraction.
   815 | D:2      | Noticed a phantom
   825 | D:2      | Killed a phantom
   826 | D:2      | Reached skill level 6 in Axes
   826 | D:2      | Reached XP level 3. HP: 23/31 MP: 2/2
   826 | D:2      | Reached XP level 4. HP: 29/39 MP: 3/3
   896 | D:2      | 896 ||| DROPPING +0 club.
   901 | D:2      | You fall into a shaft and drop 1 floor!
   912 | D:3      | 912 ||| PLANNING SEWER
  1218 | D:3      | 1218 ||| SWAPPING to +0 war axe.
  1220 | D:3      | 1220 ||| DROPPING +1 hand axe.
  1351 | D:3      | Reached XP level 5. HP: 45/45 MP: 4/4
  1389 | D:3      | 1389 ||| Stepping ~*~*~tactically~*~*~ (hiding).
  1525 | D:3      | 1525 ||| RIP SEWER
  1586 | D:3      | 1586 ||| PLANNING D:1-11
  1586 | D:3      | 1586 ||| Stepping ~*~*~tactically~*~*~ (stealth).
  1589 | D:3      | 1589 ||| DROPPING amulet of faith.
  1599 | D:3      | 1599 ||| FLEEEEING.
  1600 | D:3      | 1600 ||| FLEEEEING.
  1601 | D:3      | 1601 ||| FLEEEEING.
  1603 | D:3      | 1603 ||| FLEEEEING.
  1604 | D:3      | 1604 ||| FLEEEEING.
  1605 | D:3      | 1605 ||| FLEEEEING.
  1606 | D:3      | 1606 ||| FLEEEEING.
  1607 | D:3      | 1607 ||| FLEEEEING.
  1613 | D:3      | 1613 ||| FLEEEEING.
  1614 | D:3      | 1614 ||| FLEEEEING.
  1622 | D:3      | 1622 ||| STAIRDANCE
  1636 | D:2      | 1636 ||| Stepping ~*~*~tactically~*~*~ (hiding).
  1640 | D:2      | 1640 ||| INVOKING Berserk.
  1644 | D:2      | Reached skill level 4 in Fighting
  1655 | D:2      | Identified the +1 robe of the Trout {rF+ Stlth+}
  1656 | D:2      | 1656 ||| FLEEEEING.
  1710 | D:2      | Noticed Robin
  1711 | D:2      | 1711 ||| Stepping ~*~*~tactically~*~*~ (stealth).
  1713 | D:2      | 1713 ||| Stepping ~*~*~tactically~*~*~ (hiding).
  1714 | D:2      | 1714 ||| Stepping ~*~*~tactically~*~*~ (hiding).
  1720 | D:2      | 1720 ||| INVOKING Berserk.
  1724 | D:2      | Killed Robin
  1735 | D:2      | 1735 ||| FLEEEEING.
  1736 | D:2      | 1736 ||| FLEEEEING.
  1737 | D:2      | 1737 ||| FLEEEEING.
  1741 | D:2      | 1741 ||| STAIRDANCE
  1866 | D:2      | 1866 ||| INVOKING Berserk.
  1892 | D:2      | 1892 ||| Stepping ~*~*~tactically~*~*~ (stealth).
  1894 | D:2      | 1894 ||| Stepping ~*~*~tactically~*~*~ (stealth).
  1897 | D:2      | 1897 ||| Stepping ~*~*~tactically~*~*~ (stealth).
  1900 | D:2      | 1900 ||| Stepping ~*~*~tactically~*~*~ (stealth).
  1939 | D:2      | 1939 ||| Stepping ~*~*~tactically~*~*~ (stealth).
  1955 | D:2      | 1955 ||| DROPPING +0 mace.
  2393 | D:2      | Reached ** piety under Trog
  2394 | D:2      | Reached XP level 6. HP: 49/52 MP: 5/5
  2661 | D:2      | 2661 ||| UPGRADING to +1 robe of the Trout {rF+ Stlth+}.
  2671 | D:2      | 2671 ||| UPGRADING to +0 pair of gloves.
  2676 | D:2      | 2676 ||| READING scroll of enchant armour.
  2676 | D:2      | 2676 ||| ENCHANTING +0 pair of gloves.
  2677 | D:2      | 2677 ||| READING 2 scrolls of identify.
  2677 | D:2      | 2677 ||| IDENTIFYING glowing silvery potion
  2918 | D:3      | 2918 ||| READING scroll labelled HURUJOJUTU.
  3115 | D:4      | Found a staircase to the Ecumenical Temple.
  3123 | D:4      | Found a runed translucent gate.
  3123 | D:4      | Noticed an orc warrior
  3124 | D:4      | Found a runed translucent gate.
  3125 | D:4      | Found a runed translucent gate.
  3146 | D:4      | Identified the +8 chain mail of Wonderful Music {rF+}
  3146 | D:4      | Noticed qw's ghost (amateur GrFi)
  3193 | D:4      | Noticed Natasha
  3194 | D:4      | 3194 ||| Stepping ~*~*~tactically~*~*~ (hiding).
  3296 | D:4      | 3296 ||| Stepping ~*~*~tactically~*~*~ (hiding).
  3300 | D:4      | 3300 ||| Stepping ~*~*~tactically~*~*~ (hiding).
  3302 | D:4      | 3302 ||| INVOKING Berserk.
  3304 | D:4      | Killed Natasha
  3647 | D:4      | Reached skill level 9 in Axes
  3802 | D:4      | Found a snail-covered altar of Cheibriados.
  3805 | D:4      | Noticed Natasha
  3814 | D:4      | 3814 ||| UPGRADING to +2 chain mail of positive energy.
  3861 | D:4      | 3861 ||| INVOKING Berserk.
  3863 | D:4      | Killed Natasha
  3864 | D:4      | Reached skill level 3 in Armour
  3864 | D:4      | Reached XP level 7. HP: 60/60 MP: 6/6
  3975 | D:4      | 3975 ||| DROPPING +1 robe of the Trout {rF+ Stlth+}.
  3976 | D:4      | 3976 ||| DROPPING +0 leather armour.
  4128 | D:4      | Noticed Natasha
  4129 | D:4      | 4129 ||| INVOKING Berserk.
  4130 | D:4      | Killed Natasha
  4131 | D:4      | Reached skill level 5 in Fighting
  4308 | D:4      | 4308 ||| DRINKING 2 orange potions.
  4308 | D:4      | Gained mutation: You occasionally lose the ability to read
                  | scrolls when taking damage. [potion of mutation]
  4308 | D:4      | Gained mutation: You occasionally shout uncontrollably at
                  | your foes. [potion of mutation]
  4308 | D:4      | Gained mutation: You have a somewhat thin skeletal
                  | structure. (Dex +2, Stealth+) [potion of mutation]
  4308 | D:4      | Gained mutation: Your mind is acute. (Int +4, Str/Dex -1)
                  | [potion of mutation]
  4309 | D:4      | 4309 ||| DRINKING potion of mutation.
  4309 | D:4      | Lost mutation: You occasionally shout uncontrollably at
                  | your foes. [potion of mutation]
  4309 | D:4      | Lost mutation: Your mind is acute. (Int +4, Str/Dex -1)
                  | [potion of mutation]
  4309 | D:4      | Lost mutation: You have a somewhat thin skeletal structure.
                  | (Dex +2, Stealth+) [potion of mutation]
  4309 | D:4      | Gained mutation: You are occasionally teleported next to
                  | monsters. [potion of mutation]
  4309 | D:4      | Gained mutation: Your body sometimes deteriorates upon
                  | taking damage. [potion of mutation]
  4309 | D:4      | Gained mutation: You possess an exceptional clarity of
                  | mind. [potion of mutation]
  4310 | D:4      | 4310 ||| READING 2 scrolls of identify.
  4310 | D:4      | 4310 ||| IDENTIFYING gluggy blue potion
  4311 | D:4      | 4311 ||| DROPPING potion of magic.
  4350 | D:5      | Entered Level 5 of the Dungeon
  4375 | D:5      | Noticed Duvessa
  4375 | D:5      | Noticed Dowan
  4378 | D:5      | 4378 ||| INVOKING Berserk.
  4381 | D:5      | Killed Duvessa
  4387 | D:5      | Killed Dowan
  4518 | D:5      | Noticed Grinder
  4519 | D:5      | 4519 ||| INVOKING Trog's Hand.
  4524 | D:5      | 4524 ||| Stepping ~*~*~tactically~*~*~ (hiding).
  4525 | D:5      | 4525 ||| Stepping ~*~*~tactically~*~*~ (hiding).
  4529 | D:5      | 4529 ||| INVOKING Berserk.
  4534 | D:5      | Killed Grinder
  4604 | D:5      | 4604 ||| Stepping ~*~*~tactically~*~*~ (stealth).
  4606 | D:5      | 4606 ||| Stepping ~*~*~tactically~*~*~ (hiding).
  4612 | D:5      | 4612 ||| FLEEEEING.
  4613 | D:5      | 4613 ||| FLEEEEING.
  4614 | D:5      | 4614 ||| FLEEEEING.
  4615 | D:5      | 4615 ||| FLEEEEING.
  4616 | D:5      | 4616 ||| FLEEEEING.
  4618 | D:5      | 4618 ||| FLEEEEING.
  4619 | D:5      | 4619 ||| FLEEEEING.
  4620 | D:5      | 4620 ||| FLEEEEING.
  4621 | D:5      | 4621 ||| FLEEEEING.
  4622 | D:5      | 4622 ||| FLEEEEING.
  4623 | D:5      | 4623 ||| FLEEEEING.
  4624 | D:5      | 4624 ||| FLEEEEING.
  4625 | D:5      | 4625 ||| FLEEEEING.
  4626 | D:5      | 4626 ||| FLEEEEING.
  4627 | D:5      | 4627 ||| FLEEEEING.
  4628 | D:5      | 4628 ||| FLEEEEING.
  4629 | D:5      | 4629 ||| FLEEEEING.
  4630 | D:5      | 4630 ||| FLEEEEING.
  4737 | D:5      | 4737 ||| Stepping ~*~*~tactically~*~*~ (stealth).
  4750 | D:5      | Reached XP level 8. HP: 66/70 MP: 7/7
  4803 | D:5      | Reached skill level 6 in Fighting
  4945 | D:5      | 4945 ||| Stepping ~*~*~tactically~*~*~ (stealth).
  4947 | D:5      | 4947 ||| Stepping ~*~*~tactically~*~*~ (stealth).
  4951 | D:5      | 4951 ||| Stepping ~*~*~tactically~*~*~ (stealth).
  4960 | D:5      | 4960 ||| INVOKING Berserk.
  4969 | D:5      | 4969 ||| Stepping ~*~*~tactically~*~*~ (stealth).
  4977 | D:5      | 4977 ||| Stepping ~*~*~tactically~*~*~ (stealth).
  4978 | D:5      | 4978 ||| Stepping ~*~*~tactically~*~*~ (stealth).
  5290 | D:5      | 5290 ||| READING scroll labelled NIDDEW YZXUDU.
  5291 | D:5      | 5291 ||| READING 2 scrolls of identify.
  5291 | D:5      | 5291 ||| IDENTIFYING fuming white potion
  5326 | D:6      | 5326 ||| PLANNING OSSUARY
  5341 | D:6      | 5341 ||| Stepping ~*~*~tactically~*~*~ (stealth).
  5354 | D:6      | Found a sand-covered staircase.
  5361 | Ossuary  | Entered an ossuary
  5729 | Ossuary  | Reached *** piety under Trog
  5818 | Ossuary  | 5818 ||| READING scroll of enchant weapon.
  5818 | Ossuary  | 5818 ||| ENCHANTING +0 war axe.
  5872 | Ossuary  | 5872 ||| READING 3 scrolls labelled UHORHIOKUD.
  5873 | Ossuary  | 5873 ||| DROPPING +0 flail.
  5874 | Ossuary  | 5874 ||| READING 2 scrolls of brand weapon.
  5874 | Ossuary  | 5874 ||| BRANDING +1 war axe of flaming.
  5875 | Ossuary  | 5875 ||| DRINKING 2 cyan potions.
  5876 | Ossuary  | 5876 ||| DRINKING 2 grey potions.
  5877 | Ossuary  | 5877 ||| DRINKING 3 black potions.
  5878 | Ossuary  | 5878 ||| READING 2 scrolls of identify.
  5878 | Ossuary  | 5878 ||| IDENTIFYING red potion
  5879 | Ossuary  | 5879 ||| DROPPING potion of degeneration.
  5880 | Ossuary  | 5880 ||| DROPPING 2 potions of brilliance.
  5881 | Ossuary  | 5881 ||| DROPPING potion of invisibility.
  5890 | D:6      | 5890 ||| PLANNING D:1-11
  5933 | D:6      | Reached skill level 12 in Axes
  5949 | D:6      | 5949 ||| READING scroll of enchant armour.
  5949 | D:6      | 5949 ||| ENCHANTING +1 pair of gloves.
  6040 | D:6      | 6040 ||| Stepping ~*~*~tactically~*~*~ (stealth).
  6045 | D:6      | 6045 ||| FLEEEEING.
  6047 | D:6      | Reached skill level 7 in Fighting
  6047 | D:6      | 6047 ||| FLEEEEING.
  6048 | D:6      | 6048 ||| FLEEEEING.
  6049 | D:6      | 6049 ||| FLEEEEING.
  6050 | D:6      | 6050 ||| FLEEEEING.
  6051 | D:6      | 6051 ||| FLEEEEING.
  6052 | D:6      | 6052 ||| FLEEEEING.
  6053 | D:6      | 6053 ||| FLEEEEING.
  6054 | D:6      | 6054 ||| FLEEEEING.
  6055 | D:6      | 6055 ||| FLEEEEING.
  6056 | D:6      | 6056 ||| FLEEEEING.
  6057 | D:6      | 6057 ||| FLEEEEING.
  6058 | D:6      | 6058 ||| FLEEEEING.
  6059 | D:6      | 6059 ||| FLEEEEING.
  6060 | D:6      | 6060 ||| FLEEEEING.
  6067 | D:6      | 6067 ||| Stepping ~*~*~tactically~*~*~ (stealth).
  6079 | D:6      | Reached XP level 9. HP: 58/79 MP: 8/8
  6416 | D:6      | 6416 ||| UPGRADING to +0 pair of boots.
  6421 | D:6      | 6421 ||| UPGRADING to +0 cloak.
  6426 | D:6      | 6426 ||| READING scroll labelled HEYRU AMOHYXU.
  6427 | D:6      | 6427 ||| READING 2 scrolls labelled PEOFEO DARCHIDU.
  6427 | D:6      | Identified 2 scrolls of acquirement
  6427 | D:6      | 6427 ||| ACQUIRING +2 pair of gloves of Fallacy {rPois}
  6427 | D:6      | Acquired the +2 pair of gloves of Fallacy {rPois}
  6429 | D:6      | 6429 ||| UPGRADING to +2 pair of gloves of Fallacy {rPois}.
  6439 | D:6      | 6439 ||| DROPPING +2 pair of gloves.
  6440 | D:6      | 6440 ||| READING scroll of acquirement.
  6440 | D:6      | 6440 ||| ACQUIRING +3 pair of gauntlets of War {Slay+5}
  6440 | D:6      | Acquired the +3 pair of gauntlets of War {Slay+5}
  6440 | D:6      | Found the +3 pair of gauntlets of War {Slay+5}
  6442 | D:6      | 6442 ||| UPGRADING to +3 pair of gauntlets of War {Slay+5}.
  6452 | D:6      | 6452 ||| DROPPING +2 pair of gloves of Fallacy {rPois}.
  6453 | D:6      | 6453 ||| READING 2 scrolls labelled JIMEABRIGEA.
  6454 | D:6      | 6454 ||| READING 2 scrolls of identify.
  6454 | D:6      | 6454 ||| IDENTIFYING sedimented ruby potion
  6455 | D:6      | 6455 ||| DROPPING potion of berserk rage.
  6456 | D:6      | 6456 ||| DROPPING scroll of vulnerability.
  6499 | D:7      | 6499 ||| INVOKING Berserk.
  6617 | D:7      | 6617 ||| DROPPING +0 whip.
  6623 | D:7      | 6623 ||| Stepping ~*~*~tactically~*~*~ (stealth).
  6625 | D:7      | 6625 ||| Stepping ~*~*~tactically~*~*~ (stealth).
  6626 | D:7      | 6626 ||| Stepping ~*~*~tactically~*~*~ (stealth).
  6627 | D:7      | 6627 ||| Stepping ~*~*~tactically~*~*~ (stealth).
  6762 | D:7      | Reached skill level 6 in Armour
  6788 | D:7      | 6788 ||| Stepping ~*~*~tactically~*~*~ (hiding).
  6919 | D:7      | Reached skill level 8 in Fighting
  7052 | D:7      | Reached **** piety under Trog
  7245 | D:7      | Found Udgheysaud's Tremendous Tomes.
  7254 | D:7      | 7254 ||| DRINKING 2 smoky cyan potions.
  7255 | D:7      | 7255 ||| READING 2 scrolls of identify.
  7255 | D:7      | 7255 ||| IDENTIFYING fuming emerald potion
  7256 | D:7      | 7256 ||| DROPPING potion of flight.
  7309 | D:8      | Found a white marble altar of Elyvilon.
  7325 | D:8      | 7325 ||| DRINKING potion of mutation.
  7325 | D:8      | Lost mutation: You possess an exceptional clarity of mind.
                  | [potion of mutation]
  7325 | D:8      | Lost mutation: You occasionally lose the ability to read
                  | scrolls when taking damage. [potion of mutation]
  7325 | D:8      | Gained mutation: You are clumsy. (Dex -2) [potion of
                  | mutation]
  7325 | D:8      | Gained mutation: You are dopey. (Int -2) [potion of
                  | mutation]
  7325 | D:8      | Gained mutation: Your flesh is heat resistant. (rF+)
                  | [potion of mutation]
  7337 | D:8      | 7337 ||| DRINKING potion of mutation.
  7337 | D:8      | Lost mutation: Your body sometimes deteriorates upon taking
                  | damage. [potion of mutation]
  7337 | D:8      | Lost mutation: Your flesh is heat resistant. (rF+) [potion
                  | of mutation]
  7337 | D:8      | Gained mutation: Your muscles are strong. (Str +4, Int/Dex
                  | -1) [potion of mutation]
  7337 | D:8      | Gained mutation: Your natural rate of healing is unusually
                  | fast. [potion of mutation]
  7339 | D:8      | Found a hazy altar of Hepliaklqana.
  7389 | D:8      | Paralysed by a hornet for 2 turns
  7427 | D:8      | Identified the ring of Pafy {Contam rF+++ rN+ Int+8}
  7469 | D:8      | 7469 ||| Stepping ~*~*~tactically~*~*~ (hiding).
  7475 | D:8      | 7475 ||| INVOKING Berserk.
  7485 | D:8      | 7485 ||| Stepping ~*~*~tactically~*~*~ (stealth).
  7489 | D:8      | 7489 ||| Stepping ~*~*~tactically~*~*~ (stealth).
  7694 | D:8      | 7694 ||| Stepping ~*~*~tactically~*~*~ (hiding).
  7697 | D:8      | 7697 ||| Stepping ~*~*~tactically~*~*~ (hiding).
  7851 | D:8      | Found a sparkling altar of Nemelex Xobeh.
  8019 | D:8      | 8019 ||| INVOKING Berserk.
  8302 | D:8      | 8302 ||| UPGRADING to ring of Pafy {Contam rF+++ rN+
                  | Int+8}.
  8322 | D:9      | 8322 ||| Stepping ~*~*~tactically~*~*~ (hiding).
  8324 | D:9      | 8324 ||| INVOKING Berserk.
  8342 | D:9      | 8342 ||| Stepping ~*~*~tactically~*~*~ (stealth).
  8398 | D:9      | 8398 ||| INVOKING Berserk.
  8400 | D:9      | Noticed Gastronok
  8401 | D:9      | Reached XP level 10. HP: 88/88 MP: 9/9
  8414 | D:9      | Killed Gastronok
  8415 | D:9      | Reached skill level 15 in Axes
  8433 | D:9      | 8433 ||| FLEEEEING.
  8434 | D:9      | 8434 ||| STAIRDANCE
  8462 | D:9      | 8462 ||| DROPPING +0 flail.
  8490 | D:9      | Found Wipniypp's Book Emporium.
  8535 | D:9      | 8535 ||| Stepping ~*~*~tactically~*~*~ (hiding).
  8572 | D:9      | 8572 ||| Stepping ~*~*~tactically~*~*~ (stealth).
  8574 | D:9      | 8574 ||| Stepping ~*~*~tactically~*~*~ (hiding).
  8575 | D:9      | 8575 ||| INVOKING Berserk.
  8590 | D:9      | Reached skill level 9 in Fighting
  8758 | D:9      | Reached skill level 1 in Throwing
  8771 | D:9      | Noticed Pikel
  8778 | D:9      | Killed Pikel
  8812 | D:9      | 8812 ||| READING scroll of acquirement.
  8812 | D:9      | 8812 ||| ACQUIRING +2 shield of Resistance {rF++ rC++
                  | Will++}
  8812 | D:9      | Acquired the +2 shield of Resistance {rF++ rC++ Will++}
  8812 | D:9      | Found the +2 shield of Resistance {rF++ rC++ Will++}
  8814 | D:9      | 8814 ||| UPGRADING to +0 plate armour.
  8824 | D:9      | 8824 ||| DROPPING +2 chain mail of positive energy.
  8825 | D:9      | 8825 ||| UPGRADING to +2 hat.
  8830 | D:9      | 8830 ||| DROPPING +2 chain mail of willpower.
  8831 | D:9      | 8831 ||| UPGRADING to +0 buckler.
  8836 | D:9      | 8836 ||| UPGRADING to +2 shield of Resistance {rF++ rC++
                  | Will++}.
  8846 | D:9      | 8846 ||| DROPPING +0 buckler.
  8854 | D:9      | Reached skill level 1 in Shields
  8857 | D:9      | Noticed Harold
  8858 | D:9      | 8858 ||| Stepping ~*~*~tactically~*~*~ (hiding).
  8859 | D:9      | 8859 ||| Stepping ~*~*~tactically~*~*~ (hiding).
  8862 | D:9      | 8862 ||| INVOKING Berserk.
  8865 | D:9      | Killed Harold
  8975 | D:9      | Found a basalt altar of Yredelemnul.
  8975 | D:9      | Found a radiant altar of Vehumet.
  9236 | D:9      | 9236 ||| Stepping ~*~*~tactically~*~*~ (stealth).
  9429 | D:10     | Entered Level 10 of the Dungeon
  9442 | D:10     | Reached ***** piety under Trog
  9443 | D:10     | Reached skill level 6 in Shields
  9449 | D:10     | Reached XP level 11. HP: 97/97 MP: 10/10
  9513 | D:10     | 9513 ||| INVOKING Berserk.
  9769 | D:10     | Identified the ring "Zejaow" {Contam rPois rC+ Int+2 Dex+2}
  9770 | D:10     | 9770 ||| Stepping ~*~*~tactically~*~*~ (hiding).
  9771 | D:10     | 9771 ||| Stepping ~*~*~tactically~*~*~ (hiding).
  9772 | D:10     | 9772 ||| Stepping ~*~*~tactically~*~*~ (hiding).
  9788 | D:10     | 9788 ||| FLEEEEING.
  9789 | D:10     | 9789 ||| FLEEEEING.
  9803 | D:10     | Found a staircase to the Lair.
  9912 | D:10     | Noticed Nergalle
  9913 | D:10     | 9913 ||| Stepping ~*~*~tactically~*~*~ (hiding).
  9915 | D:10     | 9915 ||| Stepping ~*~*~tactically~*~*~ (hiding).
  9918 | D:10     | 9918 ||| INVOKING Berserk.
  9921 | D:10     | Killed Nergalle
  9922 | D:10     | Reached skill level 9 in Shields
 10114 | D:10     | Found a stormy altar of Qazlal.
 10118 | D:10     | Found a bloodstained altar of Trog.
 10195 | D:10     | Found a burning altar of Makhleb.
 10298 | D:10     | 10298 ||| PLANNING LAIR
 10298 | D:10     | 10298 ||| UPGRADING to amulet of the acrobat.
 10303 | D:10     | 10303 ||| UPGRADING to +4 ring of evasion.
 10304 | D:10     | 10304 ||| UPGRADING to ring "Zejaow" {Contam rPois rC+
                  | Int+2 Dex+2}.
 10316 | D:10     | Gained mutation: You expend magic power (3 MP) to
                  | strengthen your wands. [mutagenic glow]
 10345 | Lair:1   | Entered Level 1 of the Lair of Beasts
 10455 | Lair:1   | 10455 ||| INVOKING Berserk.
 10641 | Lair:1   | 10641 ||| INVOKING Berserk.
 10644 | Lair:1   | Reached skill level 3 in Dodging
 10827 | Lair:1   | 10827 ||| Stepping ~*~*~tactically~*~*~ (hiding).
 11383 | Lair:1   | 11383 ||| READING scroll labelled HUEDIJAYTZ.
 11384 | Lair:1   | 11384 ||| READING scroll labelled DYZULO FIAPH.
 11396 | Lair:2   | 11396 ||| STAIRDANCE
 11414 | Lair:2   | 11414 ||| INVOKING Berserk.
 11491 | Lair:2   | Reached skill level 9 in Armour
 11529 | Lair:2   | 11529 ||| INVOKING Berserk.
 11532 | Lair:2   | Received a gift from Trog
 11656 | Lair:2   | 11656 ||| Stepping ~*~*~tactically~*~*~ (stealth).
 11658 | Lair:2   | 11658 ||| Stepping ~*~*~tactically~*~*~ (stealth).
 11663 | Lair:2   | 11663 ||| Stepping ~*~*~tactically~*~*~ (stealth).
 11667 | Lair:2   | 11667 ||| Stepping ~*~*~tactically~*~*~ (stealth).
 11668 | Lair:2   | 11668 ||| INVOKING Berserk.
 11677 | Lair:2   | 11677 ||| INVOKING Brothers in Arms.
 11826 | Lair:2   | 11826 ||| Stepping ~*~*~tactically~*~*~ (stealth).
 11831 | Lair:2   | Reached skill level 10 in Fighting
 11843 | Lair:2   | 11843 ||| Stepping ~*~*~tactically~*~*~ (stealth).
 11845 | Lair:2   | 11845 ||| Stepping ~*~*~tactically~*~*~ (stealth).
 11852 | Lair:2   | 11852 ||| INVOKING Berserk.
 11861 | Lair:2   | 11861 ||| Stepping ~*~*~tactically~*~*~ (stealth).
 11862 | Lair:2   | 11862 ||| Stepping ~*~*~tactically~*~*~ (stealth).
 11871 | Lair:2   | 11871 ||| Stepping ~*~*~tactically~*~*~ (stealth).
 11874 | Lair:2   | 11874 ||| Stepping ~*~*~tactically~*~*~ (stealth).
 11934 | Lair:2   | 11934 ||| Stepping ~*~*~tactically~*~*~ (stealth).
 11961 | Lair:2   | 11961 ||| Stepping ~*~*~tactically~*~*~ (stealth).
 11965 | Lair:2   | 11965 ||| INVOKING Berserk.
 11968 | Lair:2   | Reached XP level 12. HP: 106/106 MP: 11/11
 12165 | Lair:2   | 12165 ||| INVOKING Berserk.
 12261 | Lair:2   | Found a staircase to the Swamp.
 12584 | Lair:2   | 12584 ||| READING scroll of enchant armour.
 12584 | Lair:2   | 12584 ||| ENCHANTING +0 pair of boots.
 12712 | Lair:2   | 12712 ||| READING scroll labelled JIPTENI BIERIRCH.
 12713 | Lair:2   | 12713 ||| READING 5 scrolls of identify.
 12713 | Lair:2   | 12713 ||| IDENTIFYING sedimented emerald potion
 12727 | Lair:3   | Found a glowing golden altar of the Shining One.
 12952 | Lair:3   | Found a hole to the Spider Nest.
 12953 | Lair:3   | 12953 ||| Stepping ~*~*~tactically~*~*~ (hiding).
 12956 | Lair:3   | 12956 ||| INVOKING Berserk.
 12968 | Lair:3   | 12968 ||| FLEEEEING.
 13061 | Lair:3   | Noticed a six-headed hydra
 13062 | Lair:3   | 13062 ||| INVOKING Brothers in Arms.
 13063 | Lair:3   | 13063 ||| INVOKING Brothers in Arms.
 13065 | Lair:3   | 13065 ||| SWAPPING to +0 morningstar.
 13066 | Lair:3   | 13066 ||| INVOKING Berserk.
 13067 | Lair:3   | Killed a six-headed hydra
 13068 | Lair:3   | Reached skill level 11 in Fighting
 13075 | Lair:3   | 13075 ||| SWAPPING to +1 spectral war axe.
 13239 | Lair:3   | 13239 ||| Stepping ~*~*~tactically~*~*~ (stealth).
 13240 | Lair:3   | 13240 ||| Stepping ~*~*~tactically~*~*~ (stealth).
 13241 | Lair:3   | 13241 ||| Stepping ~*~*~tactically~*~*~ (stealth).
 13248 | Lair:3   | 13248 ||| Stepping ~*~*~tactically~*~*~ (stealth).
 13274 | Lair:3   | 13274 ||| Stepping ~*~*~tactically~*~*~ (stealth).
 13348 | Lair:3   | 13348 ||| INVOKING Berserk.
 13459 | Lair:3   | Noticed a death yak
 13459 | Lair:3   | Noticed a death yak
 13459 | Lair:3   | Noticed a death yak
 13459 | Lair:3   | Noticed a death yak
 13459 | Lair:3   | Noticed a death yak
 13460 | Lair:3   | 13460 ||| INVOKING Berserk.
 13464 | Lair:3   | Killed a death yak
 13465 | Lair:3   | Reached skill level 12 in Shields
 13466 | Lair:3   | Killed a death yak
 13467 | Lair:3   | Killed a death yak
 13467 | Lair:3   | Killed a death yak
 13467 | Lair:3   | Killed a death yak
 13625 | Lair:3   | Identified the +1 plate armour of Uzak {rElec Will+ Slay+3}
 14116 | Lair:3   | 14116 ||| UPGRADING to +1 plate armour of Uzak {rElec Will+
                  | Slay+3}.
 14126 | Lair:3   | 14126 ||| DROPPING +0 plate armour.
 14127 | Lair:3   | 14127 ||| READING scroll labelled NICORI HIRIAB.
 14283 | Lair:4   | Reached skill level 12 in Fighting
 14285 | Lair:4   | 14285 ||| Stepping ~*~*~tactically~*~*~ (stealth).
 14288 | Lair:4   | 14288 ||| Stepping ~*~*~tactically~*~*~ (stealth).
 14391 | Lair:4   | Noticed a death yak
 14392 | Lair:4   | 14392 ||| Stepping ~*~*~tactically~*~*~ (stealth).
 14395 | Lair:4   | Noticed a catoblepas
 14398 | Lair:4   | 14398 ||| INVOKING Berserk.
 14401 | Lair:4   | Killed a death yak
 14413 | Lair:4   | Killed a catoblepas
 14414 | Lair:4   | 14414 ||| Stepping ~*~*~tactically~*~*~ (cloud).
 14437 | Lair:4   | 14437 ||| Stepping ~*~*~tactically~*~*~ (stealth).
 14439 | Lair:4   | 14439 ||| Stepping ~*~*~tactically~*~*~ (stealth).
 14468 | Lair:4   | 14468 ||| Stepping ~*~*~tactically~*~*~ (stealth).
 14478 | Lair:4   | 14478 ||| INVOKING Berserk.
 14525 | Lair:4   | 14525 ||| Stepping ~*~*~tactically~*~*~ (stealth).
 14530 | Lair:4   | 14530 ||| DROPPING +0 flail of protection.
 14553 | Lair:4   | 14553 ||| Stepping ~*~*~tactically~*~*~ (stealth).
 14554 | Lair:4   | 14554 ||| INVOKING Berserk.
 14749 | Lair:4   | Reached XP level 13. HP: 112/118 MP: 12/12
 14765 | Lair:4   | 14765 ||| Stepping ~*~*~tactically~*~*~ (hiding).
 14781 | Lair:4   | 14781 ||| INVOKING Brothers in Arms.
 14782 | Lair:4   | 14782 ||| INVOKING Brothers in Arms.
 14783 | Lair:4   | 14783 ||| INVOKING Brothers in Arms.
 14784 | Lair:4   | Reached skill level 12 in Armour
 14784 | Lair:4   | 14784 ||| INVOKING Brothers in Arms.
 14789 | Lair:4   | 14789 ||| SWAPPING to +0 morningstar.
 14791 | Lair:4   | 14791 ||| INVOKING Berserk.
 14809 | Lair:4   | 14809 ||| SWAPPING to +1 spectral war axe.
 14811 | Lair:4   | Reached skill level 13 in Fighting
 15090 | Lair:4   | Reached skill level 3 in Throwing
 15771 | Lair:4   | 15771 ||| READING scroll labelled VOIHURA HANONK.
 15826 | Lair:4   | 15826 ||| READING scroll labelled LYVYZU VIRPHALA.
 15848 | Lair:5   | Entered Level 5 of the Lair of Beasts
 15938 | Lair:5   | 15938 ||| Stepping ~*~*~tactically~*~*~ (stealth).
 15942 | Lair:5   | 15942 ||| Stepping ~*~*~tactically~*~*~ (stealth).
 15947 | Lair:5   | 15947 ||| INVOKING Berserk.
 15992 | Lair:5   | 15992 ||| INVOKING Berserk.
 16006 | Lair:5   | 16006 ||| Stepping ~*~*~tactically~*~*~ (hiding).
 16007 | Lair:5   | 16007 ||| Stepping ~*~*~tactically~*~*~ (stealth).
 16039 | Lair:5   | 16039 ||| Stepping ~*~*~tactically~*~*~ (stealth).
 16069 | Lair:5   | 16069 ||| Stepping ~*~*~tactically~*~*~ (hiding).
 16092 | Lair:5   | 16092 ||| Stepping ~*~*~tactically~*~*~ (stealth).
 16097 | Lair:5   | Reached skill level 14 in Fighting
 16109 | Lair:5   | Found a corrupted altar of Lugonu.
 16109 | Lair:5   | Found a one-way gate to the infinite horrors of the Abyss.
 16164 | Lair:5   | 16164 ||| Stepping ~*~*~tactically~*~*~ (stealth).
 16169 | Lair:5   | 16169 ||| Stepping ~*~*~tactically~*~*~ (stealth).
 16170 | Lair:5   | 16170 ||| Stepping ~*~*~tactically~*~*~ (stealth).
 16176 | Lair:5   | 16176 ||| INVOKING Berserk.
 16295 | Lair:5   | 16295 ||| INVOKING Berserk.
 16307 | Lair:5   | 16307 ||| INVOKING Brothers in Arms.
 16308 | Lair:5   | 16308 ||| INVOKING Brothers in Arms.
 16328 | Lair:5   | 16328 ||| Stepping ~*~*~tactically~*~*~ (stealth).
 16475 | Lair:5   | 16475 ||| Stepping ~*~*~tactically~*~*~ (hiding).
 16496 | Lair:5   | 16496 ||| Stepping ~*~*~tactically~*~*~ (stealth).
 16498 | Lair:5   | 16498 ||| Stepping ~*~*~tactically~*~*~ (stealth).
 16611 | Lair:5   | Found a viscous altar of Jiyva.
 16612 | Lair:5   | Found a staircase to the Slime Pits.
 16627 | Lair:5   | 16627 ||| INVOKING Berserk.
 16756 | Lair:5   | 16756 ||| INVOKING Berserk.
 16929 | Lair:5   | 16929 ||| FLEEEEING.
 16930 | Lair:5   | 16930 ||| FLEEEEING.
 16931 | Lair:5   | 16931 ||| FLEEEEING.
 16932 | Lair:5   | 16932 ||| FLEEEEING.
 16933 | Lair:5   | 16933 ||| FLEEEEING.
 17012 | Lair:5   | 17012 ||| INVOKING Berserk.
 17206 | Lair:5   | 17206 ||| INVOKING Berserk.
 17483 | Lair:5   | 17483 ||| Stepping ~*~*~tactically~*~*~ (stealth).
 17485 | Lair:5   | 17485 ||| Stepping ~*~*~tactically~*~*~ (stealth).
 17490 | Lair:5   | 17490 ||| Stepping ~*~*~tactically~*~*~ (hiding).
 17537 | Lair:5   | 17537 ||| Stepping ~*~*~tactically~*~*~ (stealth).
 17538 | Lair:5   | 17538 ||| Stepping ~*~*~tactically~*~*~ (stealth).
 17539 | Lair:5   | 17539 ||| INVOKING Brothers in Arms.
 17540 | Lair:5   | 17540 ||| SWAPPING to +0 morningstar.
 17541 | Lair:5   | 17541 ||| INVOKING Berserk.
 17546 | Lair:5   | 17546 ||| SWAPPING to +1 spectral war axe.
 17667 | Lair:5   | Reached skill level 15 in Fighting
 17905 | Lair:5   | 17905 ||| Stepping ~*~*~tactically~*~*~ (hiding).
 17908 | Lair:5   | 17908 ||| Stepping ~*~*~tactically~*~*~ (stealth).
 17913 | Lair:5   | Reached XP level 14. HP: 135/135 MP: 13/13
 17940 | Lair:5   | 17940 ||| INVOKING Berserk.
 18016 | Lair:5   | 18016 ||| Stepping ~*~*~tactically~*~*~ (stealth).
 18017 | Lair:5   | 18017 ||| Stepping ~*~*~tactically~*~*~ (stealth).
 18018 | Lair:5   | 18018 ||| Stepping ~*~*~tactically~*~*~ (stealth).
 18019 | Lair:5   | 18019 ||| Stepping ~*~*~tactically~*~*~ (stealth).
 18136 | Lair:5   | 18136 ||| PLANNING D:1-11
 18270 | D:11     | 18270 ||| READING scroll of enchant weapon.
 18270 | D:11     | 18270 ||| ENCHANTING +1 spectral war axe.
 18521 | D:11     | Found a staircase to the Orcish Mines.
 18530 | D:11     | 18530 ||| READING scroll of enchant weapon.
 18530 | D:11     | 18530 ||| ENCHANTING +2 spectral war axe.
 18751 | D:11     | 18751 ||| PLANNING D
 18751 | D:11     | 18751 ||| READING scroll labelled BUH AHYIRO.
 18824 | D:12     | Found Raxzeifo's Antique Armour Emporium.
 18982 | D:12     | 18982 ||| Stepping randomly (disturbance).
 19030 | D:12     | Found a runed translucent gate.
 19032 | D:12     | Found a runed translucent gate.
 19034 | D:12     | Found a runed translucent gate.
 19096 | D:12     | Noticed Anyutwal's ghost (journeyman HOFi)
 19380 | D:13     | Reached skill level 6 in Dodging
 19400 | D:13     | 19400 ||| INVOKING Brothers in Arms.
 19402 | D:13     | 19402 ||| SWAPPING to +0 morningstar.
 19403 | D:13     | 19403 ||| INVOKING Berserk.
 19408 | D:13     | 19408 ||| SWAPPING to +3 spectral war axe.
 19575 | D:13     | 19575 ||| READING scroll of acquirement.
 19575 | D:13     | 19575 ||| ACQUIRING +1 broad axe "Fiegikig" {vorpal, rN+
                  | Int-4 Dex+3}
 19575 | D:13     | Acquired the +1 broad axe "Fiegikig" {vorpal, rN+ Int-4
                  | Dex+3}
 19652 | D:13     | Reached skill level 15 in Shields
 19681 | D:13     | 19681 ||| Stepping ~*~*~tactically~*~*~ (hiding).
 19682 | D:13     | 19682 ||| Stepping ~*~*~tactically~*~*~ (hiding).
 19690 | D:13     | 19690 ||| Stepping ~*~*~tactically~*~*~ (hiding).
 19758 | D:13     | 19758 ||| INVOKING Berserk.
 20414 | D:13     | Reached skill level 16 in Fighting
 20416 | D:13     | 20416 ||| Stepping ~*~*~tactically~*~*~ (hiding).
 20591 | D:13     | 20591 ||| INVOKING Trog's Hand.
 20711 | D:13     | Found a gate to the Vaults.
 20839 | D:13     | 20839 ||| READING 12 scrolls of identify.
 20839 | D:13     | 20839 ||| IDENTIFYING fuming silvery potion
 20840 | D:13     | 20840 ||| READING 11 scrolls of identify.
 20840 | D:13     | 20840 ||| IDENTIFYING sedimented amethyst potion
 20841 | D:13     | 20841 ||| DROPPING potion of ambrosia.
 20842 | D:13     | 20842 ||| DROPPING potion of lignification.
 20906 | D:14     | 20906 ||| INVOKING Berserk.
 20920 | D:14     | 20920 ||| INVOKING Trog's Hand.
 21084 | D:14     | 21084 ||| Stepping ~*~*~tactically~*~*~ (hiding).
 21086 | D:14     | 21086 ||| Stepping ~*~*~tactically~*~*~ (hiding).
 21088 | D:14     | 21088 ||| Stepping ~*~*~tactically~*~*~ (stealth).
 21095 | D:14     | Reached skill level 15 in Armour
 21124 | D:14     | 21124 ||| Stepping ~*~*~tactically~*~*~ (stealth).
 21126 | D:14     | 21126 ||| Stepping ~*~*~tactically~*~*~ (stealth).
 21133 | D:14     | 21133 ||| Stepping ~*~*~tactically~*~*~ (stealth).
 21135 | D:14     | 21135 ||| Stepping ~*~*~tactically~*~*~ (hiding).
 21189 | D:14     | 21189 ||| Stepping ~*~*~tactically~*~*~ (stealth).
 21190 | D:14     | Found a shimmering blue altar of Sif Muna.
 21297 | D:14     | 21297 ||| Stepping ~*~*~tactically~*~*~ (stealth).
 21298 | D:14     | 21298 ||| Stepping ~*~*~tactically~*~*~ (stealth).
 21299 | D:14     | 21299 ||| Stepping ~*~*~tactically~*~*~ (stealth).
 21328 | D:14     | Found an ornate altar of the Wu Jian Council.
 21499 | D:14     | 21499 ||| Stepping ~*~*~tactically~*~*~ (stealth).
 21510 | D:14     | 21510 ||| INVOKING Brothers in Arms.
 21511 | D:14     | 21511 ||| Stepping ~*~*~tactically~*~*~ (cloud).
 21512 | D:14     | 21512 ||| Stepping ~*~*~tactically~*~*~ (cloud).
 21515 | D:14     | 21515 ||| Stepping ~*~*~tactically~*~*~ (cloud).
 21516 | D:14     | 21516 ||| Stepping ~*~*~tactically~*~*~ (cloud).
 21517 | D:14     | 21517 ||| INVOKING Berserk.
 21545 | D:14     | 21545 ||| INVOKING Brothers in Arms.
 21549 | D:14     | Reached skill level 17 in Fighting
 21680 | D:14     | 21680 ||| Stepping ~*~*~tactically~*~*~ (hiding).
 21684 | D:14     | 21684 ||| INVOKING Brothers in Arms.
 21688 | D:14     | 21688 ||| INVOKING Berserk.
 21698 | D:14     | Gained mutation: You occasionally lose the ability to drink
                  | potions when taking damage. [a neqoxec]
 22087 | D:14     | 22087 ||| INVOKING Berserk.
 22095 | D:14     | Reached XP level 15. HP: 147/147 MP: 14/14
 22249 | D:15     | Entered Level 15 of the Dungeon
 22250 | D:15     | 22250 ||| INVOKING Trog's Hand.
 22255 | D:15     | 22255 ||| INVOKING Berserk.
 22324 | D:15     | 22324 ||| SWAPPING to +0 morningstar.
 22326 | D:15     | 22326 ||| INVOKING Berserk.
 22338 | D:15     | 22338 ||| SWAPPING to +3 spectral war axe.
 22546 | D:15     | 22546 ||| Stepping ~*~*~tactically~*~*~ (stealth).
 22549 | D:15     | 22549 ||| SWAPPING to +0 morningstar.
 22551 | D:15     | 22551 ||| INVOKING Berserk.
 22558 | D:15     | 22558 ||| Stepping ~*~*~tactically~*~*~ (hiding).
 22559 | D:15     | 22559 ||| SWAPPING to +3 spectral war axe.
 22582 | D:15     | 22582 ||| Stepping ~*~*~tactically~*~*~ (stealth).
 22665 | D:15     | 22665 ||| Stepping ~*~*~tactically~*~*~ (stealth).
 22668 | D:15     | 22668 ||| Stepping ~*~*~tactically~*~*~ (stealth).
 22752 | D:15     | 22752 ||| INVOKING Trog's Hand.
 22757 | D:15     | 22757 ||| INVOKING Berserk.
 23213 | D:15     | Noticed Azrael
 23215 | D:15     | 23215 ||| INVOKING Berserk.
 23218 | D:15     | Killed Azrael
 23252 | D:15     | 23252 ||| FLEEEEING.
 23253 | D:15     | 23253 ||| FLEEEEING.
 23254 | D:15     | 23254 ||| FLEEEEING.
 23259 | D:15     | 23259 ||| INVOKING Berserk.
 23374 | D:15     | Found a staircase to the Depths.
 23472 | D:15     | 23472 ||| PLANNING ORC
 23472 | D:15     | 23472 ||| UPGRADING to +2 cloak of stealth.
 23482 | D:15     | 23482 ||| DROPPING +0 cloak.
 23601 | Orc:1    | Entered Level 1 of the Orcish Mines
 23604 | Orc:1    | 23604 ||| Stepping ~*~*~tactically~*~*~ (hiding).
 23608 | Orc:1    | 23608 ||| INVOKING Berserk.
 23611 | Orc:1    | Reached skill level 18 in Fighting
 23733 | Orc:1    | 23733 ||| Stepping ~*~*~tactically~*~*~ (stealth).
 23735 | Orc:1    | 23735 ||| Stepping ~*~*~tactically~*~*~ (hiding).
 23738 | Orc:1    | 23738 ||| Stepping ~*~*~tactically~*~*~ (hiding).
 23910 | Orc:2    | Entered Level 2 of the Orcish Mines
 23911 | Orc:2    | 23911 ||| INVOKING Trog's Hand.
 23912 | Orc:2    | 23912 ||| INVOKING Berserk.
 23930 | Orc:2    | 23930 ||| Stepping ~*~*~tactically~*~*~ (water).
 24029 | Orc:2    | 24029 ||| Stepping ~*~*~tactically~*~*~ (hiding).
 24030 | Orc:2    | 24030 ||| Stepping ~*~*~tactically~*~*~ (stealth).
 24031 | Orc:2    | 24031 ||| INVOKING Trog's Hand.
 24038 | Orc:2    | 24038 ||| INVOKING Berserk.
 24049 | Orc:2    | 24049 ||| Invisible monster not found???
 24078 | Orc:2    | 24078 ||| INVOKING Trog's Hand.
 24079 | Orc:2    | 24079 ||| INVOKING Brothers in Arms.
 24080 | Orc:2    | 24080 ||| INVOKING Brothers in Arms.
 24135 | Orc:2    | Found a transporter.
 24138 | Orc:2    | Noticed qw's ghost (journeyman MiBe)
 24148 | Orc:2    | 24148 ||| Stepping ~*~*~tactically~*~*~ (hiding).
 24149 | Orc:2    | 24149 ||| Stepping ~*~*~tactically~*~*~ (hiding).
 24170 | Orc:2    | 24170 ||| Stepping ~*~*~tactically~*~*~ (stealth).
 24186 | Orc:2    | Found Cerip's Antique Weapon Shoppe.
 24190 | Orc:2    | 24190 ||| Stepping ~*~*~tactically~*~*~ (hiding).
 24224 | Orc:2    | 24224 ||| BUYING runed war axe (214 gold).
 24224 | Orc:2    | Bought a runed war axe for 214 gold pieces
 24224 | Orc:2    | 24224 ||| DROPPING +0 vorpal war axe.
 24242 | Orc:2    | 24242 ||| Stepping ~*~*~tactically~*~*~ (stealth).
 24244 | Orc:2    | 24244 ||| Stepping ~*~*~tactically~*~*~ (stealth).
 24245 | Orc:2    | 24245 ||| Stepping ~*~*~tactically~*~*~ (stealth).
 24245 | Orc:2    | Noticed an orc warlord
 24246 | Orc:2    | 24246 ||| INVOKING Brothers in Arms.
 24249 | Orc:2    | 24249 ||| INVOKING Berserk.
 24259 | Orc:2    | Killed an orc warlord
 24262 | Orc:2    | Found a staircase to the Elven Halls.
 24280 | Orc:2    | 24280 ||| Stepping ~*~*~tactically~*~*~ (stealth).
 24285 | Orc:2    | 24285 ||| Stepping ~*~*~tactically~*~*~ (stealth).
 24287 | Orc:2    | 24287 ||| INVOKING Trog's Hand.
 24290 | Orc:2    | 24290 ||| INVOKING Brothers in Arms.
 24290 | Orc:2    | Noticed an orc warlord
 24305 | Orc:2    | 24305 ||| INVOKING Brothers in Arms.
 24306 | Orc:2    | Killed an orc warlord
 24317 | Orc:2    | Found Hommo's Antique Weapon Emporium.
 24418 | Orc:2    | 24418 ||| Stepping ~*~*~tactically~*~*~ (stealth).
 24419 | Orc:2    | 24419 ||| Stepping ~*~*~tactically~*~*~ (hiding).
 24524 | Orc:2    | 24524 ||| Stepping ~*~*~tactically~*~*~ (stealth).
 24627 | Orc:2    | Found a transporter.
 24725 | Orc:2    | 24725 ||| INVOKING Trog's Hand.
 24726 | Orc:2    | 24726 ||| INVOKING Berserk.
 24833 | Orc:2    | Found Zurre's Armour Boutique.
 24880 | Orc:2    | 24880 ||| Stepping ~*~*~tactically~*~*~ (stealth).
 24881 | Orc:2    | Found Bevvyish's Weapon Emporium.
 24886 | Orc:2    | 24886 ||| INVOKING Berserk.
 25276 | Orc:2    | Found Cejeurph's Antique Armour Shoppe.
 25287 | Orc:2    | 25287 ||| BUYING runed broad axe (189 gold).
 25287 | Orc:2    | Bought a runed broad axe for 189 gold pieces
 25287 | Orc:2    | 25287 ||| SWAPPING to +2 broad axe of venom.
 25288 | Orc:2    | 25288 ||| DROPPING +3 spectral war axe.
 25289 | Orc:2    | 25289 ||| READING 3 scrolls of brand weapon.
 25289 | Orc:2    | 25289 ||| BRANDING +2 broad axe of venom.
 25290 | Orc:2    | 25290 ||| DROPPING +1 broad axe "Fiegikig" {vorpal, rN+
                  | Int-4 Dex+3}.
 25291 | Orc:2    | 25291 ||| DROPPING +0 morningstar.
 25292 | Orc:2    | 25292 ||| READING 2 scrolls of brand weapon.
 25292 | Orc:2    | 25292 ||| BRANDING +2 broad axe of flaming.
 25293 | Orc:2    | 25293 ||| READING scroll of brand weapon.
 25293 | Orc:2    | 25293 ||| BRANDING +2 broad axe of venom.
 25300 | Orc:2    | 25300 ||| BUYING runed plate armour (728 gold).
 25300 | Orc:2    | Bought a runed plate armour for 728 gold pieces
 25342 | Orc:2    | 25342 ||| DROPPING +0 club.
 25343 | Orc:2    | 25343 ||| DROPPING +0 mace.
 25344 | Orc:2    | 25344 ||| DROPPING +0 flail.
 25368 | Orc:2    | 25368 ||| DROPPING +1 plate armour of willpower.
 25393 | Orc:1    | 25393 ||| Stepping ~*~*~tactically~*~*~ (water).
 25547 | Orc:1    | 25547 ||| Stepping ~*~*~tactically~*~*~ (hiding).
 25548 | Orc:1    | 25548 ||| Stepping ~*~*~tactically~*~*~ (hiding).
 25549 | Orc:1    | 25549 ||| Stepping ~*~*~tactically~*~*~ (hiding).
 25550 | Orc:1    | 25550 ||| Stepping ~*~*~tactically~*~*~ (hiding).
 25551 | Orc:1    | 25551 ||| INVOKING Trog's Hand.
 25552 | Orc:1    | 25552 ||| INVOKING Berserk.
 25814 | Orc:1    | 25814 ||| PLANNING SPIDER:1-3
 25927 | Spider:1 | Entered Level 1 of the Spider Nest
 25928 | Spider:1 | 25928 ||| INVOKING Brothers in Arms.
 25950 | Spider:1 | 25950 ||| INVOKING Berserk.
 25972 | Spider:1 | 25972 ||| Stepping ~*~*~tactically~*~*~ (stealth).
 25993 | Spider:1 | 25993 ||| Stepping ~*~*~tactically~*~*~ (stealth).
 25995 | Spider:1 | 25995 ||| Stepping ~*~*~tactically~*~*~ (stealth).
 25998 | Spider:1 | 25998 ||| INVOKING Berserk.
 26128 | Spider:1 | 26128 ||| INVOKING Berserk.
 26131 | Spider:1 | Reached XP level 16. HP: 157/157 MP: 15/15
 26273 | Spider:1 | 26273 ||| Stepping ~*~*~tactically~*~*~ (stealth).
 26303 | Spider:1 | 26303 ||| Stepping ~*~*~tactically~*~*~ (stealth).
 26312 | Spider:1 | 26312 ||| Stepping ~*~*~tactically~*~*~ (hiding).
 26335 | Spider:1 | 26335 ||| INVOKING Berserk.
 26358 | Spider:1 | 26358 ||| INVOKING Brothers in Arms.
 26359 | Spider:1 | 26359 ||| INVOKING Brothers in Arms.
 26475 | Spider:1 | 26475 ||| READING scroll of enchant armour.
 26475 | Spider:1 | 26475 ||| ENCHANTING +1 pair of boots.
 27173 | Spider:1 | 27173 ||| UPGRADING to ring of Pafy {Contam rF+++ rN+
                  | Int+8}.
 27173 | Spider:1 | Lost intelligence.
 27175 | Spider:1 | Gained mutation: You are very clumsy. (Dex -4) [mutagenic
                  | glow]
 27179 | Spider:1 | 27179 ||| UPGRADING to ring "Zejaow" {Contam rPois rC+
                  | Int+2 Dex+2}.
 27212 | Spider:2 | 27212 ||| INVOKING Berserk.
 27347 | Spider:2 | 27347 ||| READING scroll of enchant weapon.
 27347 | Spider:2 | 27347 ||| ENCHANTING +2 broad axe of draining.
 27371 | Spider:2 | Reached skill level 18 in Axes
 27400 | Spider:2 | 27400 ||| Stepping ~*~*~tactically~*~*~ (stealth).
 27401 | Spider:2 | 27401 ||| INVOKING Berserk.
 27432 | Spider:2 | 27432 ||| FLEEEEING.
 27479 | Spider:2 | Noticed Kirke
 27480 | Spider:2 | 27480 ||| INVOKING Trog's Hand.
 27481 | Spider:2 | 27481 ||| INVOKING Brothers in Arms.
 27486 | Spider:2 | 27486 ||| INVOKING Berserk.
 27498 | Spider:2 | Killed Kirke
 27698 | Spider:2 | 27698 ||| Stepping ~*~*~tactically~*~*~ (stealth).
 27699 | Spider:2 | 27699 ||| Stepping ~*~*~tactically~*~*~ (stealth).
 27704 | Spider:2 | 27704 ||| DRINKING 13 potions of curing.
 27704 | Spider:2 | 27704 ||| (to cure confusion)
 27745 | Spider:2 | 27745 ||| Stepping ~*~*~tactically~*~*~ (stealth).
 27831 | Spider:2 | 27831 ||| Stepping ~*~*~tactically~*~*~ (stealth).
 27832 | Spider:2 | 27832 ||| INVOKING Berserk.
 27839 | Spider:2 | Reached skill level 19 in Fighting
 27989 | Spider:2 | 27989 ||| Stepping ~*~*~tactically~*~*~ (stealth).
 28011 | Spider:2 | 28011 ||| Stepping ~*~*~tactically~*~*~ (stealth).
 28240 | Spider:2 | 28240 ||| Stepping ~*~*~tactically~*~*~ (stealth).
 28246 | Spider:2 | Received a gift from Trog
 28264 | Spider:2 | 28264 ||| DROPPING +0 morningstar.
 28276 | Spider:2 | 28276 ||| INVOKING Berserk.
 28420 | Spider:2 | 28420 ||| UPGRADING to +4 ring of evasion.
 28439 | Spider:2 | Gained mutation: Armour fits poorly on your strangely
                  | shaped body. [mutagenic glow]
 28511 | Spider:3 | 28511 ||| Stepping ~*~*~tactically~*~*~ (stealth).
 28513 | Spider:3 | 28513 ||| Stepping ~*~*~tactically~*~*~ (hiding).
 28515 | Spider:3 | 28515 ||| Stepping ~*~*~tactically~*~*~ (stealth).
 28659 | Spider:3 | 28659 ||| Stepping ~*~*~tactically~*~*~ (hiding).
 28660 | Spider:3 | 28660 ||| Stepping ~*~*~tactically~*~*~ (hiding).
 28662 | Spider:3 | 28662 ||| INVOKING Berserk.
 28860 | Spider:3 | 28860 ||| INVOKING Brothers in Arms.
 28873 | Spider:3 | 28873 ||| INVOKING Berserk.
 28888 | Spider:3 | Reached skill level 18 in Armour
 28969 | Spider:3 | 28969 ||| Stepping ~*~*~tactically~*~*~ (hiding).
 28974 | Spider:3 | 28974 ||| INVOKING Brothers in Arms.
 29020 | Spider:3 | 29020 ||| INVOKING Berserk.
 29201 | Spider:3 | 29201 ||| INVOKING Brothers in Arms.
 29202 | Spider:3 | 29202 ||| INVOKING Brothers in Arms.
 29203 | Spider:3 | 29203 ||| INVOKING Brothers in Arms.
 29210 | Spider:3 | 29210 ||| INVOKING Berserk.
 29223 | Spider:3 | 29223 ||| FLEEEEING.
 29224 | Spider:3 | 29224 ||| FLEEEEING.
 29226 | Spider:3 | 29226 ||| FLEEEEING.
 29228 | Spider:3 | 29228 ||| STAIRDANCE
 29355 | Spider:2 | 29355 ||| DROPPING +6 ring of intelligence.
 29432 | Spider:3 | 29432 ||| Stepping ~*~*~tactically~*~*~ (stealth).
 29530 | Spider:3 | 29530 ||| Stepping ~*~*~tactically~*~*~ (hiding).
 29727 | Spider:3 | 29727 ||| INVOKING Berserk.
 29925 | Spider:3 | 29925 ||| Stepping randomly (disturbance).
 30293 | Spider:3 | 30293 ||| PLANNING SWAMP:1-3
 30411 | Swamp:1  | Entered Level 1 of the Swamp
 30434 | Swamp:1  | 30434 ||| SWAPPING to +4 hand axe of flaming.
 30437 | Swamp:1  | 30437 ||| Stepping ~*~*~tactically~*~*~ (water).
 30442 | Swamp:1  | 30442 ||| SWAPPING to +3 broad axe of draining.
 30515 | Swamp:1  | 30515 ||| INVOKING Berserk.
 30703 | Swamp:1  | 30703 ||| SWAPPING to +4 hand axe of flaming.
 30706 | Swamp:1  | 30706 ||| INVOKING Berserk.
 30709 | Swamp:1  | Reached skill level 20 in Fighting
 30709 | Swamp:1  | Reached XP level 17. HP: 170/170 MP: 16/16
 30731 | Swamp:1  | 30731 ||| SWAPPING to +3 broad axe of draining.
 30903 | Swamp:1  | Found a runed translucent gate.
 30904 | Swamp:1  | Found a runed translucent gate.
 30906 | Swamp:1  | Found a runed translucent gate.
 30906 | Swamp:1  | Noticed qw's ghost (adept MiBe)
 30913 | Swamp:1  | 30913 ||| Stepping ~*~*~tactically~*~*~ (hiding).
 31169 | Swamp:1  | 31169 ||| DROPPING ring of resist corrosion.
 31181 | Swamp:2  | 31181 ||| Stepping ~*~*~tactically~*~*~ (hiding).
 31194 | Swamp:2  | 31194 ||| SWAPPING to +4 hand axe of flaming.
 31196 | Swamp:2  | 31196 ||| SWAPPING to +3 broad axe of draining.
 31202 | Swamp:2  | 31202 ||| INVOKING Berserk.
 31250 | Swamp:2  | HP: 36/170 [death drake] (8)]
 31251 | Swamp:2  | 31251 ||| READING 18 scrolls of teleportation.
 31301 | Swamp:2  | 31301 ||| Stepping ~*~*~tactically~*~*~ (stealth).
 31303 | Swamp:2  | 31303 ||| Stepping ~*~*~tactically~*~*~ (stealth).
 31306 | Swamp:2  | 31306 ||| Stepping ~*~*~tactically~*~*~ (stealth).
 31307 | Swamp:2  | 31307 ||| Stepping ~*~*~tactically~*~*~ (stealth).
 31314 | Swamp:2  | 31314 ||| Stepping ~*~*~tactically~*~*~ (stealth).
 31462 | Swamp:2  | 31462 ||| READING scroll of acquirement.
 31462 | Swamp:2  | 31462 ||| ACQUIRING +2 tower shield of the Demon Prince
                  | {rN+}
 31462 | Swamp:2  | Acquired the +2 tower shield of the Demon Prince {rN+}
 31464 | Swamp:2  | 31464 ||| UPGRADING to +2 tower shield of the Demon Prince
                  | {rN+}.
 31704 | Swamp:2  | 31704 ||| UPGRADING to ring of Pafy {Contam rF+++ rN+
                  | Int+8}.
 31743 | Swamp:3  | 31743 ||| INVOKING Berserk.
 31855 | Swamp:3  | 31855 ||| Stepping ~*~*~tactically~*~*~ (hiding).
 31868 | Swamp:3  | 31868 ||| Stepping ~*~*~tactically~*~*~ (stealth).
 31882 | Swamp:3  | 31882 ||| INVOKING Berserk.
 31896 | Swamp:3  | 31896 ||| INVOKING Brothers in Arms.
 31902 | Swamp:3  | Reached skill level 18 in Shields
 32056 | Swamp:3  | 32056 ||| INVOKING Berserk.
 32071 | Swamp:3  | 32071 ||| INVOKING Brothers in Arms.
 32072 | Swamp:3  | 32072 ||| INVOKING Brothers in Arms.
 32073 | Swamp:3  | 32073 ||| SWAPPING to +4 hand axe of flaming.
 32074 | Swamp:3  | 32074 ||| Stepping ~*~*~tactically~*~*~ (water).
 32075 | Swamp:3  | 32075 ||| SWAPPING to +3 broad axe of draining.
 32083 | Swamp:3  | HP: 32/170 [acid[a spriggan druid] (12)]
 32084 | Swamp:3  | 32084 ||| READING 17 scrolls of teleportation.
 32084 | Swamp:3  | HP: 2/170 [spriggan rider/+0 spear[a spriggan druid] (17)]
 32084 | Swamp:3  | Demolished by a two-headed ogre

Levels and vault maps discovered:
D:1:      dpeg_arrival_stonehenge_8_columns, layout_basic,
          shapermc_ecumenical_altar_mp_vishouse, minmay_heptomino_h4
D:2:      minmay_wonky_spiral, layout_basic, minmay_misc_feat_iff, minivault_14,
          uniq_robin
D:3:      layout_loops_ring, portal_sewer_entry_d
D:4:      layout_gridville, amcnicky_altar_gilded, minmay_temple_entry_slanted,
          biasface_ghost_orc_armoury, uniq_natasha
D:5:      layout_cave_pools, serial_column_ruins, column_ruins_hut_pillars,
          column_ruins_hut_ruined, column_ruins_open_small,
          column_ruins_open_tiny, column_ruins_grid_1,
          column_ruins_columns_corner, column_ruins_open_tiny,
          minmay_ogre_servants, uniq_duvessa, uniq_grinder
D:6:      layout_rooms, nicolae_ossuary_entry_ruins, dreamdust_princess_bridge
D:7:      cheibrodos_quashed, layout_loops_ring, nicolae_shop_i_like_big_books
D:8:      layout_basic, elyvilon_altar_5, mainiacjoe_overflow_cross_hatched,
          mainiacjoe_overflow_24_doors
D:9:      layout_loops_ring, gammafunk_temple_overflow_pools, serial_shops,
          nicolae_shop_statue_plus, special_room [special_room_orc], uniq_pikel,
          uniq_harold, uniq_gastronok
D:10:     layout_roguey, lemuel_tele_altar, minitemple,
          erik_lair_orcish_takeover, uniq_nergalle
D:11:     layout_roguey, orc_0_dummy
D:12:     layout_roguey, serial_shops, shop, gammafunk_ghost_spectres
D:13:     layout_stronghold, david_vaults_4
D:14:     layout_gridville, nicolae_wu_jian_wuxing_cycle, serial_demonic,
          serial_demonic_a, serial_demonic_g, serial_demonic_f,
          serial_demonic_e, nicolae_sif_muna_condensation
D:15:     grunt_enter_depths_snipers, layout_long_grid, uniq_azrael
Lair:1:   layout_regular_city
Lair:2:   layout_cave_pods, skrybe_swamp_entry_bodies
Lair:3:   layout_layer_cave, hellmonk_spider_entry_not_the_bees, basic_altar,
          chequers_serial_rivers_micro_a
Lair:4:   layout_layer_cave, special_room [special_room_mythical_zoo],
          nicolae_lair_yak_garden
Lair:5:   hellmonk_lair_end_abyssal_woods, layout_layer_cave, slime_entry_1,
          special_room [special_room_mythical_zoo]
Swamp:1:  layout_basic_swamp, gammafunk_ghost_split, evilmike_swamp_ruin_house_3
Swamp:2:  layout_falls_marsh, evilmike_swamp_ruin_rubble_2, swamp_pool3
Swamp:3:  layout_basic_swamp, hangedman_swamp_ruin_wall, swamp_pool5,
          ldierk_geyser, infiniplex_staircase_pool
Spider:1: layout_spider_delve, nicolae_spider_bzzzt
Spider:2: layout_spider_delve, hellmonk_narrow_tunnel, uniq_kirke
Spider:3: layout_chambers
Orc:1:    layout_caves, nicolae_orc_flooded_monolith
Orc:2:    grunt_orc_community_town_hall, layout_diamond_mine,
          grunt_orc_community_big_house_1, grunt_orc_community_big_house_2,
          grunt_orc_community_house_1, grunt_orc_community_house_2,
          grunt_orc_community_house_2, grunt_orc_community_house_1,
          grunt_orc_community_house_3, serial_shops, shop,
          gammafunk_ghost_berserking_beasts, mines_bat_river

Skill      XL: |  1  2  3  4  5  6  7  8  9 10 11 12 13 14 15 16 17 |
---------------+----------------------------------------------------+-----
Axes           | 4 6 8 9 10 12 14 15 16 18 | 18.0
Fighting       | 4 5 7 8 9 10 12 15 17 18 20 | 20.0
Armour         | 3 4 6 7 9 11 13 15 17 18 | 18.6
Throwing       | 1 2 3 4 5 |  5.0
Shields        | 6 11 13 14 15 16 17 18 | 18.4
Dodging        | 3 4 5 6 7 |  7.1

Action                   |  1- 3 |  4- 6 |  7- 9 | 10-12 | 13-15 | 16-18 || total
-------------------------+-------+-------+-------+-------+-------+-------++-------
Melee: Hand axe          |    33 |    11 |       |       |       |    12 ||    56
       Headbutt          |     5 |    19 |    42 |    49 |   172 |   122 ||   409
       War axe           |       |   115 |   259 |   286 |   633 |       ||  1293
       Punch             |       |     1 |     3 |       |       |       ||     4
       Morningstar       |       |       |       |     1 |    23 |       ||    24
       Broad axe         |       |       |       |       |    37 |   497 ||   534
Throw: Boomerang         |       |       |       |    18 |    87 |    60 ||   165
Invok: Berserk           |     2 |     5 |     9 |    19 |    33 |    17 ||    85
       Trog's Hand       |       |       |     1 |       |    10 |     1 ||    12
       Brothers in Arms  |       |       |       |     2 |    12 |     7 ||    21
  Use: Scroll            |     5 |     3 |    14 |     7 |    11 |     5 ||    45
       Potion            |       |       |     8 |       |       |     1 ||     9
 Stab: Sleeping          |       |     1 |       |       |       |       ||     1
       Distracted        |       |       |       |     5 |     8 |       ||    13
Armor: Animal skin       |     1 |       |       |       |       |       ||     1
       Leather armour    |     2 |    16 |       |       |       |       ||    18
       Robe              |       |     8 |       |       |       |       ||     8
       Skin              |       |     1 |       |       |       |       ||     1
       Chain mail        |       |       |   101 |     9 |       |       ||   110
       Plate armour      |       |       |       |    61 |   175 |   212 ||   448
Dodge: Dodged            |    14 |    58 |    64 |    71 |   232 |   192 ||   631
Block: Kite shield       |       |       |       |    74 |   371 |   209 ||   654
       Tower shield      |       |       |       |       |       |    73 ||    73

Table legend:
 A = Non-vault XP
 B = Vault XP
 C = Vault XP percentage of total XP
 D = Non-vault monster count
 E = Vault monster count
 F = Vault count percentage of total count
                 A         B        C        D         E       F
            +---------+---------+-------+---------+---------+-------
      Total |  192363 |   55984 |  22.5 |     694 |     317 |  31.4
            +---------+---------+-------+---------+---------+-------
        D:1 |      15 |       7 |  31.8 |       8 |       4 |  33.3
        D:2 |     228 |      44 |  16.2 |      20 |      14 |  41.2
        D:3 |     119 |      13 |   9.8 |      17 |       1 |   5.6
        D:4 |     323 |      35 |   9.8 |      12 |       1 |   7.7
        D:5 |     568 |     613 |  51.9 |      13 |      12 |  48.0
        D:6 |     995 |       0 |   0.0 |      24 |       0 |   0.0
        D:7 |    1080 |       0 |   0.0 |      21 |       0 |   0.0
        D:8 |     906 |       0 |   0.0 |      23 |       0 |   0.0
        D:9 |    1720 |    3593 |  67.6 |      30 |      29 |  49.2
       D:10 |    2172 |    1401 |  39.2 |      19 |       9 |  32.1
       D:11 |    1982 |       0 |   0.0 |      13 |       0 |   0.0
       D:12 |    4047 |       0 |   0.0 |      12 |       0 |   0.0
       D:13 |    9361 |    2299 |  19.7 |      26 |       5 |  16.1
       D:14 |   13058 |    2841 |  17.9 |      30 |       8 |  21.1
       D:15 |   22687 |    4496 |  16.5 |      39 |       9 |  18.8
     Lair:1 |    2499 |       0 |   0.0 |      15 |       0 |   0.0
     Lair:2 |    6493 |     697 |   9.7 |      30 |       1 |   3.2
     Lair:3 |    7830 |     607 |   7.2 |      21 |       6 |  22.2
     Lair:4 |    4540 |    7348 |  61.8 |      21 |      31 |  59.6
     Lair:5 |    9232 |   16301 |  63.8 |      32 |      63 |  66.3
    Swamp:1 |    8736 |       0 |   0.0 |      13 |       0 |   0.0
    Swamp:2 |   11133 |       0 |   0.0 |      25 |       0 |   0.0
    Swamp:3 |   16167 |     125 |   0.8 |      26 |       1 |   3.7
   Spider:1 |   14067 |    4041 |  22.3 |      39 |       7 |  15.2
   Spider:2 |   20220 |    3963 |  16.4 |      44 |       8 |  15.4
   Spider:3 |   22756 |       0 |   0.0 |      45 |       0 |   0.0
      Orc:1 |    2767 |       0 |   0.0 |      28 |       0 |   0.0
      Orc:2 |    6662 |    7347 |  52.4 |      48 |      78 |  61.9
    Ossuary |       0 |     213 | 100.0 |       0 |      30 | 100.0
            +---------+---------+-------+---------+---------+-------
